 Dungeon Crawl Stone Soup version 0.30-a0-870-gc5d4c5acee (webtiles) character file.

Game seed: 11478204198169919083

110 Grim the Skirmisher (level 4, -5/38 HPs)
             Began as a Gnoll Hunter on Mar 11, 2023.
             Killed by divine providence
             ... invoked by an orc priest
              (10 damage)
             ... on level 3 of the Dungeon.
             The game lasted 00:02:50 (2401 turns).

Grim the Skirmisher (Gnoll Hunter)                  Turns: 2401, Time: 00:02:50

Health: -5/38      AC:  6    Str: 11    XL:     4   Next: 91%
Magic:  5/6        EV: 13    Int: 10    God:
Gold:   184        SH:  0    Dex: 15    Spells: 5/5 levels left

rFire   . . .      SeeInvis .    a - +0 shortbow
rCold   . . .      Faith    .    (shield currently unavailable)
rNeg    . . .      Spirit   .    c - +0 leather armour
rPois   .          Reflect  .    e - +2 hat
rElec   .          Rampage  .    (no cloak)
rCorr   .                        (no gloves)
Will    .....                    p - +0 pair of boots
Stlth   ++                       (no amulet)
HPRegen 0.26/turn                (no ring)
MPRegen 0.10/turn                (no ring)

@: no status effects
A: fangs 1, strong nose, distributed training
a: no special abilities


You were on level 3 of the Dungeon.
You visited 1 branch of the dungeon, and saw 3 of its levels.

You collected 184 gold pieces.

Inventory:

Hand Weapons
 a - a +0 shortbow (weapon)
 b - a +1 short sword of freezing
Armour
 c - a +0 leather armour (worn)
 e - a +2 hat (worn)
 p - a +0 pair of boots (worn)
Jewellery
 f - an amulet of faith
Scrolls
 h - a scroll of summoning {unknown}
 i - 4 scrolls of identify {unknown}
 l - a scroll of enchant weapon {unknown}
 o - a scroll of fear {unknown}
 r - a scroll of magic mapping {unknown}
 s - a scroll of teleportation {unknown}
 t - a scroll of blinking {unknown}
 u - a scroll of amnesia {unknown}
 v - a scroll of immolation
Potions
 d - 2 potions of degeneration {unknown}
 g - a potion of heal wounds {unknown}
 j - 4 potions of curing {unknown}
 k - 2 potions of might {unknown}
 m - 2 potions of haste {unknown}
 n - a potion of lignification {unknown}
 q - a potion of flight {unknown}


   Skills:
 + Level 4.7 Fighting
 + Level 1.3 Short Blades
 + Level 1.3 Long Blades
 + Level 1.3 Axes
 + Level 1.3 Maces & Flails
 + Level 1.3 Polearms
 + Level 1.3 Staves
 + Level 8.6 Ranged Weapons
 + Level 1.3 Throwing
 + Level 1.3 Armour
 + Level 4.7 Dodging
 + Level 2.7 Stealth
 + Level 1.3 Shields
 + Level 1.3 Unarmed Combat
 + Level 1.3 Spellcasting
 + Level 1.1 Conjurations
 + Level 1.1 Hexes
 + Level 1.1 Summonings
 + Level 1.1 Necromancy
 + Level 1.1 Translocations
 + Level 1.1 Transmutations
 + Level 1.1 Fire Magic
 + Level 1.1 Ice Magic
 + Level 1.1 Air Magic
 + Level 1.1 Earth Magic
 + Level 1.1 Poison Magic
 + Level 1.5 Invocations
 + Level 1.3 Evocations


You had 5 spell levels left.
You didn't know any spells.
Your spell library contained the following spells:

 Spells                   Type           Power      Damage    Failure   Level
 Cigotuvi's Dreadful Rot  Necr/Pois/Air  4%         N/A       38%         2
 Poisonous Vapours        Pois/Air       4%         N/A       38%         2
 Mephitic Cloud           Conj/Pois/Air  2%         N/A       63%         3
 Summon Guardian Golem    Hex/Summ       2%         N/A       63%         3
 Orb of Destruction       Conj           1%         9d5       100%        7
 Spellforged Servitor     Conj/Summ      1%         N/A       100%        7


Dungeon Overview and Level Annotations

Branches:
Dungeon (3/15)

Altars:
Okawaru
Qazlal

Annotations:
D:3 3 runed translucent doors, Trobe's ghost, amateur HOFi; ho4mwr's ghost, amateur KoEn


Innate Abilities, Weirdness & Mutations

You have very sharp teeth.
Your uncanny sense of smell can sniff out nearby items.
Your experience applies equally to all skills.


Message History

The orc wizard shouts!
The orc priest shouts!
The arrow hits the kobold.
The kobold is severely wounded.
The orc wizard gestures wildly while chanting.
The orc wizard flickers and vanishes!
Deactivating autopickup; reactivate with Ctrl-A.
You shoot an arrow. The arrow barely misses the kobold.
You shoot an arrow. The arrow hits the kobold.
You kill the kobold!
You hear a shout!
You shoot an arrow. The arrow hits the orc!
You kill the orc!
You shoot an arrow. The arrow hits the orc priest.
The orc priest is moderately wounded.
An orc comes into view. It is wielding a +0 morningstar.
You shoot an arrow.
The arrow completely misses the orc priest.
The orc priest hits you from afar with a +0 trident.
You shoot an arrow. The arrow hits the orc priest.
The orc priest is heavily wounded.
The orc priest mumbles some strange prayers to Beogh against you.
Beogh smites you!
* * * LOW HITPOINT WARNING * * *
You shoot an arrow. The arrow hits the orc priest.
The orc priest is almost dead.
The orc priest hits you from afar with a +0 trident.
* * * LOW HITPOINT WARNING * * *
You shoot an arrow.
The arrow closely misses the orc priest.
The arrow hits the orc!
You kill the orc!
The orc priest barely misses you.
You shoot an arrow. The arrow barely misses the orc priest.
The orc priest closely misses you. The orc priest barely misses you.
The orc priest mumbles some strange prayers to Beogh against you.
Beogh smites you!
* * * LOW HITPOINT WARNING * * *
The orc priest mumbles some strange prayers to Beogh against you.
Beogh smites you!
You die...

## ##### .... #.#...# ....
#.#.#.# ...<. #+# #.#.#.#
..(.. #.# #+# #.#.#.#
......#.# #.#####.#.#.#
.....)#.##########.....#.#.#.#
........)o...@......##.#.#.#.#
######.##########.....#.#.#.#
#.......# #.#.#.......#
...##.......####.#<.........
#............'...............
#....#.......##.#.....#......
#....#.......##.###########..
.... +.......##..............
#... #######.###############.


You could see an orc priest.

Vanquished Creatures
  An orc wizard (D:3)
  4 adders
  2 worms (D:2)
  5 orcs (D:3)
  2 endoplasms (D:2)
  4 goblins
  A hobgoblin (D:3)
  2 jackals (D:2)
  5 kobolds
  3 quokkas
  2 ball pythons
  6 bats
  2 rats
39 creatures vanquished.

Vanquished Creatures (others)
  6 withered plants (D:3)
6 creatures vanquished.

Grand Total: 45 creatures vanquished

Notes
Turn   | Place    | Note
-------+----------+-------------------------------------------
     0 | D:1      | Grim the Gnoll Hunter began the quest for the Orb.
     0 | D:1      | Reached XP level 1. HP: 20/20 MP: 1/1
   251 | D:1      | Reached XP level 2. HP: 26/26 MP: 2/2
   806 | D:2      | Found an iron altar of Okawaru.
   903 | D:2      | Reached XP level 3. HP: 31/31 MP: 3/3
  1207 | D:2      | Reached skill level 1 in Invocations
  1220 | D:2      | Found a faded altar of an unknown god.
  1613 | D:3      | Reached skill level 1 in Short Blades
  1613 | D:3      | Reached skill level 1 in Long Blades
  1613 | D:3      | Reached skill level 1 in Axes
  1613 | D:3      | Reached skill level 1 in Maces & Flails
  1613 | D:3      | Reached skill level 1 in Polearms
  1613 | D:3      | Reached skill level 1 in Staves
  1613 | D:3      | Reached skill level 1 in Throwing
  1613 | D:3      | Reached skill level 1 in Armour
  1613 | D:3      | Reached skill level 1 in Shields
  1613 | D:3      | Reached skill level 1 in Unarmed Combat
  1613 | D:3      | Reached skill level 1 in Spellcasting
  1613 | D:3      | Reached skill level 1 in Evocations
  1648 | D:3      | Found a stormy altar of Qazlal.
  1651 | D:3      | Found a runed translucent gate.
  1652 | D:3      | Found a runed translucent gate.
  1652 | D:3      | Found a runed translucent gate.
  1695 | D:3      | Reached XP level 4. HP: 38/38 MP: 5/5
  1809 | D:3      | Noticed ho4mwr's ghost (amateur KoEn)
  1809 | D:3      | Noticed Trobe's ghost (amateur HOFi)
  1880 | D:3      | Reached skill level 1 in Conjurations
  1880 | D:3      | Reached skill level 1 in Hexes
  1880 | D:3      | Reached skill level 1 in Summonings
  1880 | D:3      | Reached skill level 1 in Necromancy
  1880 | D:3      | Reached skill level 1 in Translocations
  1880 | D:3      | Reached skill level 1 in Transmutations
  1880 | D:3      | Reached skill level 1 in Fire Magic
  1880 | D:3      | Reached skill level 1 in Ice Magic
  1880 | D:3      | Reached skill level 1 in Air Magic
  1880 | D:3      | Reached skill level 1 in Earth Magic
  1880 | D:3      | Reached skill level 1 in Poison Magic
  2401 | D:3      | Killed from afar by an orc priest

Illustrated notes

Levels and vault maps discovered:
D:1:      grunt_arrival_crossed_arrows, layout_basic, minmay_misc_feat_ornament,
          amcnicky_mini_corridor_feature
D:2:      layout_basic, basic_altar, basic_ecumenical_altar
D:3:      layout_basic, lemuel_doored_altar, gammafunk_ghost_cemetery

Skill      XL: |  1  2  3  4 |
---------------+-------------+-----
Invocations    | 1 |  1.5
Short Blades   | 1 |  1.3
Long Blades    | 1 |  1.3
Axes           | 1 |  1.3
Maces & Flails | 1 |  1.3
Polearms       | 1 |  1.3
Staves         | 1 |  1.3
Throwing       | 1 |  1.3
Armour         | 1 |  1.3
Shields        | 1 |  1.3
Unarmed Combat | 1 |  1.3
Spellcasting   | 1 |  1.3
Evocations     | 1 |  1.3
Conjurations   | 1 |  1.1
Hexes          | 1 |  1.1
Summonings     | 1 |  1.1
Necromancy     | 1 |  1.1
Translocations | 1 |  1.1
Transmutations | 1 |  1.1
Fire Magic     | 1 |  1.1
Ice Magic      | 1 |  1.1
Air Magic      | 1 |  1.1
Earth Magic    | 1 |  1.1
Poison Magic   | 1 |  1.1
Fighting       | |  4.7
Ranged Weapons | |  8.6
Dodging        | |  4.7
Stealth        | |  2.7

Action                     |  1- 3 |  4- 6 || total
---------------------------+-------+-------++-------
  Melee: Short sword       |       |    21 ||    21
         Bite              |       |     2 ||     2
   Fire: Shortbow          |    58 |    29 ||    87
 Armour: Leather armour    |     8 |     8 ||    16
  Dodge: Dodged            |    11 |     8 ||    19

Table legend: (Time is in decaauts)
 A = Elapsed time spent in this place.
 B = Non-inter-level travel time spent in this place.
 C = Inter-level travel time spent in this place.
 D = Time resting spent in this place.
 E = Time spent auto-exploring this place.
 F = Levels seen in this place.
 G = Mean time per level.
                   A        B        C        D        E       F      G
               +--------+--------+--------+--------+--------+-----+--------+
         Total |   2407 |   2382 |     25 |    172 |   1972 |   3 |  802.3 |
       Dungeon |   2407 |   2382 |     25 |    172 |   1972 |   3 |  802.3 |
               +--------+--------+--------+--------+--------+-----+--------+

Top non-repeatable levels by time:
     D:3: 952 daAuts
     D:2: 846 daAuts
     D:1: 608 daAuts
